 Dungeon Crawl Stone Soup version 0.30-a0-694-g3340775977 (webtiles) character file.

Game seed: 6566085820993684280

27674 CoinPitGoblin the Spry (level 13, -3/57 HPs)
             Began as a Spriggan Hunter on Jan 20, 2023.
             Was a Follower of Uskayaw.
             Slain by a blink frog (7 damage)
             ... while petrified by a catoblepas
             ... on level 5 of the Lair of Beasts.
             The game lasted 00:26:08 (11292 turns).

CoinPitGoblin the Spry (Spriggan Hunter)           Turns: 11292, Time: 00:26:09

Health: -3/57      AC:  7    Str:  7    XL:     13   Next: 5%
Magic:  0/5        EV:  4    Int: 18    God:    Uskayaw [*.....]
Gold:   1051       SH:  0    Dex: 26    Spells: 9/12 levels left

rFire   . . .      SeeInvis +    b - +7 dagger of Terra Nullius {flame, Fly MP-9 Dex+4}
rCold   . . .      Faith    .    (no shield)
rNeg    + + +      Spirit   +    z - +1 steam dragon scales
rPois   ∞          Reflect  .    (helmet restricted)
rElec   .          Harm     .    l - +0 cloak
rCorr   .          Rampage  .    (gloves unavailable)
Will    ++...                    (boots unavailable)
Stlth   ++                       B - amulet of guardian spirit
HPRegen 0.29/turn                g - +5 ring of evasion
MPRegen 0.09/turn                x - +6 ring of intelligence

@: petrified, marked, flying, very quick
A: very small, no large weapons, unfitting armour, see invisible, speed 3
a: Renounce Religion, Stomp


You were on level 5 of the Lair of Beasts.
You worshipped Uskayaw.
Uskayaw was noncommittal.
You visited 3 branches of the dungeon, and saw 14 of its levels.
You also visited: Sewer.

You collected 1051 gold pieces.

Inventory:

Hand Weapons
 a - a +3 arbalest of draining
 b - the +7 dagger of Terra Nullius (weapon) {flame, Fly MP-9 Dex+4}
   (You found it on level 5 of the Dungeon)

   Dex:       It affects your dexterity (+4).
   MP:        It affects your magic capacity (-9).
   Fly:       It grants you flight.
 H - the +7 long sword of Huodoseo {flame, Str+4}
   (You found it on level 1 of the Lair of Beasts)

   Str:       It affects your strength (+4).
Armour
 c - a +0 robe
 l - a +0 cloak (worn)
 z - +1 steam dragon scales (worn)
Jewellery
 d - an amulet of magic regeneration
 g - a +5 ring of evasion (left hand)
 h - an amulet of reflection
 j - a +6 ring of strength
 x - a +6 ring of intelligence (right hand)
 B - an amulet of guardian spirit (around neck)
 M - a ring of protection from fire
Wands
 t - a wand of mindburst (10)
 C - a wand of paralysis (2)
 G - a wand of flame (6)
 I - a wand of quicksilver (8)
 O - a wand of iceblast (5)
Scrolls
 e - 2 scrolls of amnesia
 f - 4 scrolls of teleportation
 o - a scroll of brand weapon {unknown}
 r - 2 scrolls of fog
 s - 3 scrolls of blinking
 u - 4 scrolls of immolation
 w - 2 scrolls of summoning
 y - 3 scrolls of fear
 D - 3 scrolls of magic mapping
 J - 4 scrolls of identify
 N - a scroll of vulnerability
Potions
 i - 2 potions of magic
 k - 5 potions of resistance
 m - 8 potions of curing
 n - 2 potions of flight
 p - 4 potions of lignification
 q - 4 potions of brilliance
 v - 2 potions of heal wounds
 A - 3 potions of attraction
 E - a potion of mutation
 F - 2 potions of haste
 K - a potion of might
 L - a potion of cancellation {unknown}


   Skills:
 - Level 1.5 Fighting
 + Level 16.7 Ranged Weapons
 + Level 19.1 Dodging
 - Level 1.5 Stealth


You had 9 spell levels left.
You knew the following spells:

 Your Spells              Type           Power      Damage    Failure   Level
a - Summon Guardian Gole  Hex/Summ       0%         N/A       54%         3

Your spell library contained the following spells:

 Spells                   Type           Power      Damage    Failure   Level
 Necrotise                Necr           0%         1d4       22%         1
 Summon Small Mammal      Summ           0%         N/A       22%         1
 Cigotuvi's Dreadful Rot  Necr/Pois/Air  0%         N/A       32%         2
 Lesser Beckoning         Tloc           0%         N/A       32%         2
 Call Canine Familiar     Summ           0%         N/A       54%         3
 Gell's Gravitas          Tloc           0%         N/A       54%         3
 Teleport Other           Tloc           0%         N/A       54%         3
 Vampiric Draining        Necr           0%         2d6       54%         3
 Dispel Undead            Necr           0%         3d6       91%         4
 Agony                    Necr           0%         N/A       99%         5
 Death Channel            Necr           0%         N/A       100%        6


Dungeon Overview and Level Annotations

Branches:
Dungeon (8/15)             Temple (1/1) D:6            Lair (5/5) D:8
  Swamp (0/4) Lair:3        Snake (0/4) Lair:3        Slime (0/5) Lair:4
  Sewer (visited)

Altars:
Ashenzari
Cheibriados
Dithmenos
Fedhas
Gozag
Hepliaklqana
Kikubaaqudgha
Makhleb
Nemelex Xobeh
Okawaru
Qazlal
Ru
Sif Muna
Trog
Uskayaw
Vehumet
Wu Jian
Xom
Yredelemnul
Zin
The Shining One

Shops:
D:4 [


Innate Abilities, Weirdness & Mutations

You are very small and have problems with some larger weapons.
You are too small for most types of armour.
You have supernaturally acute eyesight. (SInv)
You cover ground extremely quickly. (Speed+++)


Message History

The death yak stops moving altogether!
The death yak gores the plant.
The plant begins to die.
The catoblepas breathes a plume of calcifying dust at you.
The blast of calcifying dust hits the death yak.
The blast of calcifying dust hits you!
* * * LOW HITPOINT WARNING * * *
The blast of calcifying dust hits the plant!
The plant begins to die.
You are engulfed in calcifying dust.
The plant is engulfed in calcifying dust.
The death yak is engulfed in calcifying dust.
The death yak stops moving altogether!
The death yak is engulfed in calcifying dust.
The death yak gores the plant!
The catoblepas gores the plant!
The plant begins to die.
You are engulfed in calcifying dust.
Your surroundings suddenly seem different. 3 wolves, a wyvern, 4 blink frogs and a black mamba come into view.
Found 28 gold pieces.
The wolf howls! x2; The wyvern hisses angrily.
The blink frog croaks.
A blink frog comes into view.
The wolf bites you.
* * * LOW HITPOINT WARNING * * *
The blink frog gives a loud, deep croak!
The black mamba hisses angrily.
The wolf bites you but does no damage. The wolf bites you.
The blink frog sets off the alarm!
The alarm trap emits a blaring wail!
A sentinel's mark forms upon you.
The blink frog blinks!
The wolf bites you but does no damage.
The blink frog blinks!
The wolf bites you!
* * * LOW HITPOINT WARNING * * *
You hear a loud, deep croak! x2; You hear an angry hiss.
You hear a croak.
You hear a bellow!
You hear an angry hiss. x2; You hear a bellow!
You hear an angry hiss. x2; You hear a bellow! x2; You hear an angry hiss.
You hear a roar!
You hear a bellow!
The wolf bites you.
* * * LOW HITPOINT WARNING * * *
The wyvern barely misses you. The blink frog hits you!
You die...

# #$........##
.
##..........##
.
#............##
.
.........$.....
.
#..............
.........S.....
......hh.......
#.....h@.......
#.....Fl.F.....
#..F...........
#..F.....F.....
#..§...........
...............
#....§.........
...............


You could see a black mamba, 5 blink frogs, a wyvern and 3 wolves.

Vanquished Creatures
  A catoblepas (Lair:4)
  A bog body (Lair:3)
  A cyclops (D:8)
  7 black mambas
  7 elephants
  Maggie (D:7)
  3 torpor snails
  10 komodo dragons
  3 cane toads
  4 rime drakes
  A polar bear (Lair:3)
  4 dream sheep (Lair:3)
  13 blink frogs (Lair:3)
  29 yaks
  4 wyverns
  4 basilisks
  Menkaure (D:7)
  15 water moccasins
  3 orc warriors
  A sky beast (D:7)
  11 black bears
  4 ogres
  17 wolves
  A centaur (D:7)
  2 kobold brigands (D:7)
  2 scorpions
  8 bullfrogs
  10 wights
  4 electric eels (Lair:4)
  A jelly (D:6)
  Crazy Yiuf (D:3)
  4 hounds
  A gnoll bouda (D:6)
  7 orc priests
  5 iguanas
  6 orc wizards
  7 hell rats
  Terence (D:3)
  Robin (D:3)
  6 gnolls
  9 adders
  A white imp (D:6)
  2 ufetubi
  A worm (D:3)
  A dart slug (D:2)
  24 orcs
  10 ball pythons
  13 endoplasms
  12 giant cockroaches
  13 goblins
  14 hobgoblins
  3 jackals (D:3)
  5 kobolds
  7 quokkas
  4 bats
  9 frilled lizards
  8 rats
  A butterfly (Lair:1)
349 creatures vanquished.

Vanquished Creatures (others)
  A bush (Lair:3)
  14 fungi
  35 plants
50 creatures vanquished.

Grand Total: 399 creatures vanquished

Notes
Turn   | Place    | Note
-------+----------+-------------------------------------------
     0 | D:1      | CoinPitGoblin the Spriggan Hunter began the quest for the
                  | Orb.
     0 | D:1      | Reached XP level 1. HP: 10/10 MP: 2/2
    36 | D:1      | Reached skill level 3 in Dodging
   184 | D:1      | Reached XP level 2. HP: 14/14 MP: 3/3
   256 | D:1      | Reached skill level 4 in Dodging
   971 | D:2      | Reached XP level 3. HP: 18/18 MP: 4/4
   975 | D:2      | Reached skill level 5 in Dodging
  1201 | D:2      | Found a basalt altar of Yredelemnul.
  1513 | D:3      | Reached XP level 4. HP: 22/22 MP: 5/5
  1536 | D:3      | Noticed Robin
  1574 | D:3      | Identified a scroll of acquirement
  1574 | D:3      | Acquired a +3 arbalest of draining
  1574 | D:3      | Found a faded altar of an unknown god.
  1585 | D:3      | Reached skill level 6 in Dodging
  1639 | D:3      | Noticed Terence
  1674 | D:3      | Killed Terence
  1732 | D:3      | Killed Robin
  1798 | D:3      | Reached skill level 7 in Dodging
  1798 | D:3      | Reached XP level 5. HP: 25/25 MP: 6/6
  1864 | D:3      | Found a runed translucent door.
  1865 | D:3      | Noticed Crazy Yiuf
  2404 | D:3      | Killed Crazy Yiuf
  2601 | D:4      | Found Mex Xor's Antique Armour Emporium.
  2665 | D:4      | Found an opulent altar of Gozag.
  2695 | D:4      | Reached skill level 8 in Dodging
  2815 | D:4      | Reached XP level 6. HP: 30/30 MP: 7/7
  3083 | D:4      | Found a snail-covered altar of Cheibriados.
  3166 | D:5      | Entered Level 5 of the Dungeon
  3226 | D:4      | Reached skill level 9 in Dodging
  3753 | D:5      | Reached skill level 10 in Dodging
  3753 | D:5      | Reached XP level 7. HP: 33/33 MP: 8/8
  3785 | D:5      | Reached skill level 11 in Dodging
  3950 | D:5      | Identified the +7 dagger of Terra Nullius {flame, Fly MP-9
                  | Dex+4}
  4021 | D:5      | Reached skill level 5 in Ranged Weapons
  4160 | D:5      | Reached XP level 8. HP: 17/37 MP: 1/9
  4629 | D:5      | Reached skill level 12 in Dodging
  4850 | D:6      | Identified the +5 great sword of the Flying Gnat {freeze,
                  | Str+3}
  4900 | D:6      | Reached skill level 13 in Dodging
  4970 | D:6      | Reached skill level 14 in Dodging
  5080 | D:6      | Found a sparkling altar of Nemelex Xobeh.
  5126 | D:6      | Found a staircase to the Ecumenical Temple.
  5268 | D:6      | Found a glowing drain.
  5355 | Sewer    | Entered a sewer
  5614 | Sewer    | Learned a level 3 spell: Summon Guardian Golem
  5659 | Temple   | Entered the Ecumenical Temple
  5706 | Temple   | Became a worshipper of Uskayaw the Reveller
  5750 | D:7      | Found a sacrificial altar of Ru.
  5803 | D:7      | Noticed Menkaure
  5805 | D:7      | Reached * piety under Uskayaw
  5807 | D:7      | Killed Menkaure
  5808 | D:7      | Reached XP level 9. HP: 22/41 MP: 10/10
  5809 | D:7      | Reached ** piety under Uskayaw
  5996 | D:7      | Reached skill level 15 in Dodging
  6004 | D:7      | Noticed Maggie
  6006 | D:7      | Reached *** piety under Uskayaw
  6011 | D:7      | Reached **** piety under Uskayaw
  6015 | D:7      | Killed Maggie
  6105 | D:7      | Found a large runed translucent door.
  6105 | D:7      | Found a large runed translucent door.
  6221 | D:7      | Reached skill level 16 in Dodging
  6647 | D:7      | Found a burning altar of Makhleb.
  6650 | D:7      | Found a shimmering blue altar of Sif Muna.
  6775 | D:8      | Found a staircase to the Lair.
  6776 | D:8      | Noticed a komodo dragon
  6900 | D:8      | Reached ***** piety under Uskayaw
  6905 | D:8      | Reached XP level 10. HP: 46/46 MP: 11/11
  7157 | D:8      | Found an ancient bone altar of Kikubaaqudgha.
  7308 | D:8      | Found a glowing silver altar of Zin.
  7341 | D:8      | Noticed a cyclops
  7344 | D:8      | Killed a cyclops
  7455 | D:8      | Reached skill level 17 in Dodging
  7466 | Lair:1   | Entered Level 1 of the Lair of Beasts
  7585 | Lair:1   | Noticed a cane toad
  7596 | Lair:1   | Killed a cane toad
  7662 | Lair:1   | Reached skill level 10 in Ranged Weapons
  7807 | Lair:1   | Reached XP level 11. HP: 36/49 MP: 8/12
  8231 | Lair:1   | Identified the +7 long sword of Huodoseo {flame, Str+4}
  8267 | Lair:1   | Found a dark tunnel.
  8778 | Lair:2   | Reached ****** piety under Uskayaw
  8784 | Lair:2   | Reached skill level 18 in Dodging
  8951 | Lair:2   | You fall into a shaft and drop 1 floor!
  8951 | Lair:3   | Found a staircase to the Snake Pit.
  8995 | Lair:3   | Reached XP level 12. HP: 53/53 MP: 13/13
  9342 | Lair:3   | Reached skill level 15 in Ranged Weapons
  9633 | Lair:3   | Found a staircase to the Swamp.
 10009 | Lair:2   | Reached skill level 19 in Dodging
 10608 | Lair:4   | Found a staircase to the Slime Pits.
 10626 | Lair:4   | Noticed a catoblepas
 10633 | Lair:4   | Killed a catoblepas
 10956 | Lair:5   | Entered Level 5 of the Lair of Beasts
 11057 | Lair:4   | Reached XP level 13. HP: 26/56 MP: 2/14
 11285 | Lair:5   | Noticed a dire elephant
 11292 | Lair:5   | Slain by a blink frog

Illustrated notes

Levels and vault maps discovered:
D:1:      sevenhm_arrival_forest_fort_small_5, layout_loops_ring, minivault_5
D:2:      layout_loops_ring, basic_altar
D:3:      layout_loops_corners, hellmonk_ecumenical_altar_run_dry,
          uniq_crazy_yiuf_cottage, uniq_robin, uniq_terence
D:4:      layout_cave_pools, grunt_gozag_breadcrumbs, kennysheep_little_box,
          serial_shops, nicolae_shop_waterfront
D:5:      cheibrodos_helix_gallery, layout_basic
D:6:      layout_rooms, nemelex_dance_club_becter,
          minmay_temple_entry_enclosed_plants, portal_sewer_entry_d
D:7:      layout_gridville, nicolae_ru_the_path_less_chosen,
          jmf_multi_god_temple2, kennysheep_crisscross,
          amcnicky_mini_pool_small, minmay_misc_feat_room, chequers_jeans,
          minmay_quadrilaterals, uniq_maggie, uniq_menkaure
D:8:      layout_loops_ring, kiku_gazebo_garden_becter, zin_scriptorium,
          david_lair_shrubbed, reono_crystal_passage
Temple:   nicolae_temple_ecumenical_triangle
Lair:1:   layout_roguey, enter_volcano_2, lemuel_fruit_fields,
          grunt_megastairs_4
Lair:2:   beast_lair_carwin_large_1, layout_cave_shapes
Lair:3:   layout_loops_ring, skrybe_swamp_entry_bodies,
          minmay_snake_entry_six_corridors, beast_lair_carwin_2,
          grunt_megastairs_5
Lair:4:   layout_cave_shapes, slime_entry_1, dreamdust_mushroom_princess,
          disabler_island, infiniplex_staircase_pool, lemuel_fruit_tree,
          serial_bayou_shore_b
Lair:5:   grunt_lair_end_beastmaster, layout_cave_pods

Skill      XL: |  1  2  3  4  5  6  7  8  9 10 11 12 |
---------------+-------------------------------------+-----
Dodging        | 3 4 5 7 8 10 11 14 16 17 18 19 | 19.1
Ranged Weapons | 5 7 10 13 16 | 16.7
Fighting       | |  1.5
Stealth        | |  1.5

Action                   |  1- 3 |  4- 6 |  7- 9 | 10-12 | 13-15 || total
-------------------------+-------+-------+-------+-------+-------++-------
Melee: Dagger            |    27 |       |    21 |       |    15 ||    63
       Short sword       |    11 |       |       |       |       ||    11
       Punch             |       |       |       |       |     3 ||     3
 Fire: Shortbow          |    62 |    40 |       |       |       ||   102
       Arbalest          |       |    89 |   225 |   466 |    18 ||   798
Invok: Stomp             |       |       |       |     7 |       ||     7
       Line Pass         |       |       |       |     1 |       ||     1
  Use: Scroll            |       |    11 |       |    12 |     1 ||    24
       Potion            |       |       |     1 |     1 |       ||     2
 Stab: Sleeping          |     7 |       |       |       |       ||     7
Armor: Robe              |     8 |     4 |     5 |       |       ||    17
       Steam dragon scal |       |       |     1 |    14 |     4 ||    19
Dodge: Dodged            |    42 |    41 |   175 |   638 |    41 ||   937

Table legend: (Time is in decaauts)
 A = Elapsed time spent in this place.
 B = Non-inter-level travel time spent in this place.
 C = Inter-level travel time spent in this place.
 D = Time resting spent in this place.
 E = Time spent auto-exploring this place.
 F = Levels seen in this place.
 G = Mean time per level.
                   A        B        C        D        E       F      G
               +--------+--------+--------+--------+--------+-----+--------+
         Total |   8533 |   8033 |    500 |    578 |   5335 |  15 |  568.9 |
       Dungeon |   5196 |   4822 |    374 |    578 |   3068 |   8 |  649.5 |
        Temple |     33 |     30 |      3 |      0 |     18 |   1 |   33.0 |
          Lair |   2994 |   2872 |    122 |      0 |   2094 |   5 |  598.8 |
         Sewer |    309 |    309 |      0 |      0 |    154 |   1 |  309.0 |
               +--------+--------+--------+--------+--------+-----+--------+

Top non-repeatable levels by time:
     D:5: 987 daAuts
  Lair:1: 886 daAuts
     D:3: 809 daAuts
  Lair:3: 800 daAuts
     D:4: 754 daAuts
     D:7: 734 daAuts
     D:1: 626 daAuts
  Lair:2: 616 daAuts
  Lair:4: 547 daAuts
     D:6: 501 daAuts
     D:8: 494 daAuts
   Sewer: 309 daAuts
     D:2: 288 daAuts
  Lair:5: 144 daAuts
  Temple: 33 daAuts
